AoeStats
← s4p

Arena

508065107Analyzed
2v2 RM · 13d ago on Sep 20, 2026· 45m 22s· 4 players
Game mode
Random Map
Map size
Medium (4 player)
Population
200
Speed
Normal
Resources
Standard
Victory
Conquest
Starting age
Dark Age
Ending age
Imperial Age
RankedLock teamsTeams togetherTeam positionsShared explorationLock speedFull tech treeHidden civsTurbo modeCheats
Victory
Defeat
🇳🇱 Gurjaras · Netherlands
1117
+12
🇦🇷 Spanish · Argentina
1065
+15
🇸🇰 Wei · Slovakia
1040
-14
🇸🇰 Armenians · Slovakia
1034
-13
Leandro Magno
9:13 Loom
11:40 Feudal Age
16:50 Castle Age
15:16 Stone Mining
15:25 Horse Collar
16:30 Double-Bit Axe
19:37 Bow Saw
25:40 Heavy Plow
26:26 Gold Mining
27:16 Fletching
30:18 Wheelbarrow
31:40 Ballistics
31:38 Bloodlines
31:30 Husbandry
32:19 Forging
33:19 Murder Holes
33:34 Scale Barding Armor
35:26 Hand Cart
35:51 Stone Shaft Mining
39:43 Imperial Age
38:43 Iron Casting
37:41 Pikeman
38:41 Scale Mail Armor
41:39 Blast Furnace
41:14 Cavalier
42:56 Chemistry
42:32 Conscription
42:42 Chain Barding Armor
42:18 Bodkin Arrow
44:24 Plate Barding Armor
brandbaria
11:14 Feudal Age
14:49 Castle Age
13:23 Double-Bit Axe
15:25 Horse Collar
16:06 Loom
23:51 Gold Mining
25:02 Bow Saw
26:41 Wheelbarrow
26:39 Heavy Plow
30:30 Imperial Age
28:09 Husbandry
28:19 Bloodlines
28:22 Forging
28:18 Scale Barding Armor
29:30 Kshatriyas
30:09 Iron Casting
30:41 Chain Barding Armor
30:34 Heavy Camel Rider
31:59 Frontier Guards
32:00 Conscription
32:38 Plate Barding Armor
s4p
5:13 Loom
11:24 Feudal Age
13:56 Double-Bit Axe
16:19 Castle Age
16:08 Horse Collar
17:30 Bow Saw
19:09 Wheelbarrow
20:46 Gold Mining
22:05 Fletching
23:43 Padded Archer Armor
25:08 Heavy Plow
25:00 Stone Mining
26:16 Bodkin Arrow
27:09 Thumb Ring
31:58 Imperial Age
30:16 Leather Archer Armor
30:19 Elite Skirmisher
33:59 Chemistry
33:19 Ballistics
33:30 Husbandry
33:41 Bloodlines
34:57 Gold Shaft Mining
34:57 Stone Shaft Mining
35:01 Ring Archer Armor
34:34 Bracer
36:20 Masonry
37:08 Parthian Tactics
37:03 Murder Holes
37:00 Pikeman
37:40 Squires
38:24 Scale Mail Armor
38:31 Halberdier
38:40 Light Cavalry
39:44 Chain Mail Armor
39:40 Forging
Chântalion
10:50 Feudal Age
14:45 Castle Age
13:17 Double-Bit Axe
14:24 Gold Mining
16:18 Scale Mail Armor
19:08 Loom
19:43 Fervor
24:20 Wheelbarrow
25:21 Sanctity
25:21 Bow Saw
25:54 Hand Cart
25:33 Horse Collar
26:57 Hand Cart
27:43 Redemption
29:56 Gold Shaft Mining
29:14 Stone Mining
29:42 Heavy Plow
32:35 Imperial Age
30:23 Fletching
31:03 Padded Archer Armor
31:25 Bodkin Arrow
30:53 Elite Skirmisher
32:38 Town Watch
34:02 Gold Shaft Mining
32:52 Onager
34:20 Block Printing
35:04 Bracer
36:03 Ballistics
36:40 Leather Archer Armor
36:34 Pikeman
38:23 Chain Mail Armor
38:48 Forging
39:07 Illumination
40:54 Plate Mail Armor
40:26 Halberdier
42:22 Squires
42:58 Iron Casting
Connection lost

Rejoining the realm…

Still unreachable

The connection could not be restored.

Session expired

The server has moved on; the page needs a fresh start.